cohdb
Replays
Latest Replays
All Replays
Popular Replays
Top Player Replays
Match Explorer
How It Works
Community
CoH3 Stats
Reddit
Sign in to upload your games and track your stats! →
Sign in with Steam
Match 27719813
Unlisted
Match 27719813
Overview
Messages
Build Orders
End
Construct Barracks
Selects Armored Battlegroup
Selects Veteran Crews
Riflemen Squad
M1 Mortar Team
Riflemen Squad
Construct Weapon Support Center
Mechanized Support Center
M1919 Machine Gun Team
Construct Motor Pool
Riflemen Squad
M1 Anti-tank Gun Team
M24 Chaffee Light Tank
Selects Fast Deploy
Selects M8 Scott SPG
Selects UNKNOWN (2160077)
M1918 Browning Automatic Rifles
M8 Greyhound Armored Car
Construct Medical Station
Selects M31 Recovery Vehicle
Selects War Machine
M31 Recovery Vehicle
Grenade Package
M1 Anti-tank Gun Team
Engineer Squad
Construct Tank Depot
M4A1 Sherman Medium Tank
Riflemen Squad
M4A1 76mm Conversion
M18 Hellcat Tank Destroyer
Riflemen Squad
Riflemen Squad
Riflemen Squad
Rearm and Retrofit
Improvised Armor
Friendly Mouse(Poxie)
my worst self
Little Ooka
cannotseethis
yakuzi
xRamee
Prince Farming
两横一竖
0
0
Comments
sign in to comment!
No comments posted yet!